cohdb
Replays
Latest Replays
All Replays
Popular Replays
Top Player Replays
Match Explorer
How It Works
Community
CoH3 Stats
Reddit
Sign in to upload your games and track your stats! →
Sign in with Steam
Match 42743743
Unlisted
Match 42743743
Overview
Messages
Build Orders
End
Royal Engineer Section
Construct Section Command Post
Dingo Light Scout Car
Vickers Machine Gun Team
Vickers Machine Gun Team
Construct Platoon Command Post
Unlock Bishop Self-propelled Artillery
Bishop Self-propelled Artillery
Selects Air and Sea Battlegroup
Selects Commando Section Paradrop
Selects M1 Pack Howitzer Paradrop
Construct Field Infirmary
6-pounder Anti-tank Gun Team
Selects Supply Surplus
Selects UNKNOWN (223837)
Construct Company Command Post
M1 Pack Howitzer Paradrop
Foot Guards Section
Centaur IV Medium Tank
Matilda II Heavy Tank
Selects Incendiary Bombing Run
Incendiary Bombing Run
Foot Guards Section
Unlock M3 Grant Medium Tanks
Incendiary Bombing Run
RunningWithFate
Onoyk
Annatar_BR
wheeeman25
0
0
Comments
sign in to comment!
No comments posted yet!